Map: Lost and Found LE

Players

soul - Winner!

  • Race: Terran Terran
  • Spawn Location: 7:00

ElegancE

  • Race: Protoss Protoss
  • Spawn Location: 1:00

Event: WCS Montreal 2018

VOD

Have the link to the VOD?

Description

Time

  • Played on: Sept. 7, 2018, 1:03 p.m.
  • Length: 7:39

All games in this series

Show
View Real Time Build Order
Export as new Build Order

soul Terran - Winner!

Build Orders: Reaper Expand, MMM Bio, Banshee Rush 

Get SALT Encoding   

  12  0:00  SCV  
  13  0:12  SCV  
  14  0:18  Supply Depot  
  14  0:25  SCV  
  15  0:39  SCV  
  15  0:41  Barracks  
  16  0:45  Refinery  
  16  0:52  SCV  
  17  1:04  SCV  
  18  1:17  SCV  
  19  1:29  Reaper, Orbital Command  
  20  1:40  Command Center  
  20  1:48  Supply Depot  
  20  1:55  SCV  
  20  2:01  Marine  
  22  2:05  Factory  
  23  2:08  SCV  
  23  2:12  Refinery  
  23  2:20  SCV  
  24  2:23  Barracks Reactor  
  24  2:32  SCV  
  25  2:44  SCV  
  25  2:50  Starport  
  26  2:53  Orbital Command  
  26  2:57  SCV  
  27  3:03  Hellion  
  27  3:04  Hellion  
  27  3:05  Barracks Tech Lab  
  31  3:09  SCV  
  31  3:12  Supply Depot  
  32  3:20  SCV  
  32  3:23  SCV  
  32  3:25  Hellion x2  
  37  3:30  Barracks Tech Lab  
  37  3:32  SCV  
  38  3:34  Banshee  
  39  3:41  Cloaking Field  
  39  3:42  SCV  
  39  3:45  SCV  
  40  3:54  SCV  
  41  3:59  Marine x2  
  41  4:00  Siege Tank  
  46  4:03  SCV  
  46  4:08  Bunker, SCV, Supply Depot  
  48  4:15  SCV  
  48  4:16  Marine  
  50  4:17  Marine  
  50  4:21  SCV  
  48  4:27  Banshee, SCV  
  49  4:36  Barracks  
  49  4:37  Barracks  
  49  4:38  Siege Tank  
  49  4:43  Engineering Bay  
  49  4:45  SCV  
  53  4:46  SCV  
  53  4:50  Marine  
  55  4:56  Marine  
  55  4:57  SCV  
  55  4:58  SCV  
  58  5:07  Supply Depot  
  58  5:08  Marine  
  58  5:09  SCV  
  58  5:14  Missile Turret  
  60  5:16  Refinery  
  60  5:18  Marine  
  60  5:19  Refinery  
  61  5:21  SCV  
  61  5:22  Starport Reactor  
  60  5:28  SCV  
  60  5:32  Terran Infantry Weapons Level 1  
  60  5:33  SCV, Supply Depot  
  60  5:34  Factory Reactor, Supply Depot  
  61  5:36  Stimpack, Marine  
  61  5:39  Marine  
  61  5:40  SCV, Marine  
  65  5:43  Marine  
  66  5:50  SCV  
  66  5:54  Combat Shields  
  66  5:56  Supply Depot  
  66  5:57  Marine, Supply Depot  
  67  5:59  Marauder, SCV  
  67  6:03  Medivac  
  73  6:10  Medivac  
  75  6:12  Marine  
  75  6:13  Marauder  
  75  6:14  SCV x2  
  75  6:18  Widow Mine  
  82  6:20  Supply Depot  
  82  6:21  Widow Mine  
  82  6:23  Supply Depot  
  82  6:25  Marauder, Marine  
  87  6:30  Marine  
  87  6:34  Marauder  
  87  6:35  SCV  
  89  6:40  Medivac  
  89  6:43  Marine  
  94  6:47  Marauder  
  94  6:48  Marine  
  94  6:52  SCV  
  96  6:55  Command Center  
  96  6:56  Marauder  
  96  6:59  Barracks  
  96  7:00  Barracks  
  96  7:01  Marine  
  96  7:02  Supply Depot  
  96  7:04  Supply Depot  
  96  7:06  Marine  
  96  7:07  SCV  
  96  7:08  SCV, Marine  
  100  7:17  Marauder  
  100  7:18  Marine  
  100  7:19  SCV  
  100  7:20  SCV  
Show
View Real Time Build Order
Export as new Build Order

ElegancE Protoss 

Build Orders: 1 Gate Expand, Blink Stalkers 

Get SALT Encoding   

  12  0:01  Probe  
  13  0:13  Probe  
  14  0:18  Pylon  
  14  0:25  Probe  
  15  0:33  Probe  
  15  0:38  Gateway  
  15  0:41  Probe  
  16  0:47  Assimilator  
  17  0:51  Probe  
  18  0:59  Probe  
  19  1:07  Probe  
  20  1:18  Probe  
  21  1:30  Nexus  
  21  1:40  Cybernetics Core  
  21  1:50  Assimilator, Probe  
  22  1:57  Pylon  
  22  2:02  Probe  
  22  2:07  Stalker  
  23  2:15  Probe  
  24  2:17  Warp Gate  
  26  2:27  Probe  
  26  2:39  Probe  
  26  2:43  Probe  
  27  2:48  Stalker  
  29  2:51  Probe  
  29  2:56  Probe  
  31  3:04  Probe  
  32  3:06  Probe  
  32  3:11  Twilight Council  
  32  3:12  Probe  
  33  3:14  Probe  
  33  3:18  Stalker  
  37  3:20  Probe  
  37  3:23  Probe  
  39  3:27  Blink  
  39  3:30  Pylon, Probe  
  40  3:38  Probe  
  41  3:44  Probe  
  41  3:48  Stalker  
  44  3:52  Gateway  
  44  3:57  Probe  
  43  4:03  Gateway  
  43  4:09  Probe  
  45  4:10  Probe  
  45  4:15  Robotics Facility  
  40  4:29  Probe x2  
  41  4:39  Nexus  
  41  4:41  Probe x2  
  41  4:44  Stalker  
  45  4:49  Pylon, Stalker  
  47  4:53  Probe  
  47  4:54  Probe  
  47  4:56  Observer  
  46  5:05  Probe  
  46  5:06  Probe  
  46  5:12  Observer  
  44  5:18  Probe x2  
  45  5:26  Observer  
  42  5:30  Probe x2  
  45  5:42  Probe x2  
  44  5:54  Probe x3  
  44  5:56  Observer  
  46  6:06  Probe x2  
  46  6:07  Probe  
  46  6:08  Stalker, Robotics Bay  
  51  6:15  Pylon  
  51  6:18  Probe x2  
  51  6:19  Probe  
  53  6:30  Probe x2  
  53  6:31  Probe  
  56  6:41  Assimilator  
  56  6:42  Probe x2  
  56  6:43  Probe  
  56  6:44  Stalker x3  
  56  6:46  Assimilator  
  62  6:54  Probe  
  62  6:55  Probe x2  
  61  7:10  Zealot x3  
  71  7:16  Probe  
  71  7:19  Pylon  
  62  7:30  Zealot  
  62  7:31  Zealot x2  
Tags
 
Add a new tag
Caveats
  • Supply blocks, unpowered buildings, or Contaminate may cause inaccurate times.
  • Supply counts are checked every 10 seconds.